 Dungeon Crawl Stone Soup version 0.19.5 (webtiles) character file.

16 DwarfAlpaca the Ducker (level 2, 0/13 HPs)
             Began as a Spriggan Earth Elementalist on Apr 29, 2017.
             Slain by a hobgoblin
             ... wielding a cursed +0 club
              (4 damage)
             ... on level 1 of the Dungeon.
             The game lasted 00:04:01 (651 turns).

DwarfAlpaca the Ducker (Spriggan Earth Elementalist) Turns: 651, Time: 00:04:01

Health: 0/13       AC:  2    Str:  4    XL:     2   Next: 41%
Magic:  2/6        EV: 19    Int: 16    God:
Gold:   49         SH:  0    Dex: 16    Spells: 2 memorised, 3 levels left

rFire  . . .     SeeInvis +     f - +0 dagger
rCold  . . .     Gourm    .     c - +0 robe
rNeg   . . .     Faith    .     (shield restricted)
rPois  .         Spirit   .     (helmet restricted)
rElec  .         Reflect  .     (no cloak)
rCorr  .         Harm     .     (gloves unavailable)
MR     .....                    (boots unavailable)
Stlth  +++.......               (no amulet)
                                (no ring)
                                i - ring of stealth

@: very quick
A: unfitting armour, see invisible, herbivore 3, speed 3, slow metabolism 2
a: no special abilities


You were on level 1 of the Dungeon.
You were not hungry.

You visited 1 branch of the dungeon, and saw 1 of its levels.

You collected 49 gold pieces.

Inventory:

Hand Weapons
 f - a +0 dagger (weapon)
Missiles
 b - 58 stones (quivered)
Armour
 a - a +0 pair of boots
 c - a +0 robe (worn)
Jewellery
 i - a ring of stealth (left hand)
Scrolls
 g - 2 scrolls of enchant weapon {unknown}
Potions
 h - a potion of brilliance {unknown}
 j - a potion of heal wounds {unknown}
Books
 e - a book of Geomancy

   Spells                             Type                      Level
   a - Sandblast                      Earth                        1
   b - Passwall                       Transmutation/Earth          2
   c - Stone Arrow                    Conjuration/Earth            3
   d - Petrify                        Transmutation/Earth          4
   e - Lee's Rapid Deconstruction     Earth                        5
Comestibles
 d - a bread ration


   Skills:
 + Level 0.2 Short Blades
 + Level 3.5 Dodging
 + Level 3.2 Stealth
 + Level 2.9 Spellcasting
 + Level 1.3 Transmutations
 + Level 3.0 Earth Magic


You had 3 spell levels left.
You knew the following spells:

 Your Spells              Type           Power        Failure   Level  Hunger
a - Sandblast             Erth           ##....       8%          1    #......
b - Passwall              Tmut/Erth      #.........   14%         2    ##.....


Dungeon Overview and Level Annotations

Branches:
Dungeon (1/15)

Altars:


Innate Abilities, Weirdness & Mutations

You are very small and have problems with some larger weapons.
You are too small for most types of armour.
You have supernaturally acute eyesight. (SInv)
You are a herbivore.
You cover ground extremely quickly.
You need consume almost no food.


Message History

Confirm with . or Enter, or press ? or * to list all spells.
Aiming: Sandblast
Press: ? - help, Shift-Dir - straight line, f/p - hobgoblin
Aim: a hobgoblin, wielding a club and wearing a leather armour (severely wounded)
The blast of sand hits the hobgoblin.
The hobgoblin is severely wounded.
The hobgoblin misses you.
You hit the hobgoblin but do no damage.
The hobgoblin is severely wounded.
The hobgoblin barely misses you.
You hit the hobgoblin but do no damage.
The hobgoblin is severely wounded.
The hobgoblin closely misses you.
You closely miss the hobgoblin.
The hobgoblin is severely wounded.
The hobgoblin completely misses you.
You hit the hobgoblin but do no damage.
The hobgoblin is severely wounded.
The hobgoblin hits you with a club.
You die...

#........#####.### ###
#........#.....# . ..#
#...........%..# . #.#
#..............### ..#.#
#.................
#.#.############.....(..#.###.###
.....g...............[..#.# #.###
#.#.#######..#..g.......#.# #....
#.#)#######..###@.......#.# #####
....†..g...)......>....)#.#
###.#######.#...........#.# ...#
#.#.##........#.### #####
#.#......##.......####
###.)##....##.###......##
......#...)##......%...'.
#####..#....######......##
##......# #......##


You could see a hobgoblin.

Vanquished Creatures
  A dart slug (D:1)
  A bat (D:1)
  A hobgoblin (D:1)
  3 jackals (D:1)
  2 frilled lizards (D:1)
  5 kobolds (D:1)
  2 rats (D:1)
15 creatures vanquished.

Notes
Turn   | Place    | Note
-------+----------+-------------------------------------------
     0 | D:1      | DwarfAlpaca the Spriggan Earth Elementalist began the quest for the Orb.
     0 | D:1      | Reached XP level 1. HP: 9/9 MP: 5/5
   368 | D:1      | Reached XP level 2. HP: 13/13 MP: 6/6
   378 | D:1      | Learned a level 2 spell: Passwall
   651 | D:1      | Slain by a hobgoblin

Skill      XL: |  1  2 |
---------------+-------+-----
Earth Magic    | 3 |  3.0
Short Blades   | |  0.2
Dodging        | |  3.5
Stealth        | |  3.2
Spellcasting   | |  2.9
Transmutations | |  1.3

Action                   || total
-------------------------++-------
Melee: Unarmed           ||     3
       Dagger            ||    50
 Cast: Sandblast         ||    32
 Stab: Sleeping          ||     1
Armor: Robe              ||     4
Dodge: Dodged            ||    78
